 Dungeon Crawl Stone Soup version 0.29-a0-477-g62b78b4225 (webtiles) character file.

Game seed: 2357156055842217417

123 lunkers the Grave Robber (level 4, 0/30 HPs)
             Began as a Vampire Necromancer on May 24, 2022.
             Slain by an orc
             ... wielding a +1 short sword of speed
              (2 damage)
             ... on level 3 of the Dungeon.
             The game lasted 00:02:49 (2623 turns).

lunkers the Grave Robber (Vampire Necromancer)      Turns: 2623, Time: 00:02:49

Health: 0/30       AC:  3    Str:  7    XL:     4   Next: 79%
Magic:  5/8        EV: 13    Int: 19    God:
Gold:   137        SH:  0    Dex: 20    Spells: 5/9 levels left

rFire   . . .      SeeInvis +   i - +2 dagger (venom)
rCold   . . .      Faith    .   (no shield)
rNeg    . . .      Spirit   .   a - +0 robe
rPois   .          Reflect  .   (no helmet)
rElec   .          Harm     .   (no cloak)
rCorr   .          Rampage  .   f - +0 pair of gloves
Will    .....                   (no boots)
Stlth   ++........              (no amulet)
HPRegen 0.30/turn               o - +6 ring of dexterity
MPRegen 0.11/turn               (no ring)

@: silenced, healing quickly
A: alive, fangs 3, see invisible, vampiric 2
a: Exsanguinate


You were on level 3 of the Dungeon.
You visited 1 branch of the dungeon, and saw 3 of its levels.

You collected 137 gold pieces.

Inventory:

Hand Weapons
 i - a +2 dagger of venom (weapon)
Armour
 a - a +0 robe (worn)
 f - a +0 pair of gloves (worn)
Jewellery
 o - a +6 ring of dexterity (left hand)
Scrolls
 c - a scroll of brand weapon {unknown}
 d - a scroll of fog {unknown}
 e - a scroll of amnesia {unknown}
 g - a scroll of silence
Potions
 b - a potion of magic
 h - 3 potions of curing {unknown}
 j - a potion of attraction
 l - a potion of heal wounds {unknown}
 m - a potion of mutation {unknown}
 n - a potion of brilliance {unknown}


   Skills:
 - Level 2.1 Dodging
 - Level 3.0 Stealth
 + Level 3.1 Spellcasting
 * Level 6.1 Necromancy


You had 5 spell levels left.
You knew the following spells:

 Your Spells              Type           Power      Damage    Failure   Level
a - Necrotize             Necr           100%       1d9       1%          1
b - Vampiric Draining     Necr           26%        2d7       3%          3

Your spell library contained the following spells:

 Spells                   Type           Power      Damage    Failure   Level
 Animate Dead             Necr           26%        N/A       12%         4
 Agony                    Necr           26%        N/A       32%         5


Dungeon Overview and Level Annotations

Branches:
Dungeon (3/15)

Altars:

Annotations:
D:3 1 runed translucent door, Crazy Yiuf, Grinder


Innate Abilities, Weirdness & Mutations

Your natural rate of healing is accelerated.
You have razor-sharp teeth.
You have supernaturally acute eyesight. (SInv)
You are afflicted with vampirism and can become a bat while bloodless.


Message History

Confirm with . or Enter, or press ? or * to list all spells.
The worm writhes in agony.
Your rat skeleton bites the worm.
A gnoll comes into view. It is wielding a +0 flail.
Casting: Necrotize (safe; 1% risk of failure)
Confirm with . or Enter, or press ? or * to list all spells.
The worm barely resists.
* * * LOW MAGIC WARNING * * *
Your rat skeleton bites the worm.
Your rat skeleton closely misses the gnoll.
Grinder comes into view.
The hobgoblin hits you. The hobgoblin attacks as you move away!
The hobgoblin completely misses you.
Found 30 stones.
The hobgoblin attacks as you move away! The hobgoblin hits you.
Something bites your rat skeleton. The hobgoblin hits you.
The gnoll attacks as you move away! The gnoll hits you with a +0 club.
The gnoll attacks as you move away! The gnoll hits you with a +0 club.
The orc closely misses you. The orc attacks as you move away!
The orc barely misses you. The orc attacks as you move away!
The orc hits you with a +1 short sword of speed.
* * * LOW HITPOINT WARNING * * *
You aren't carrying any items that you can evoke.
Unknown command.
As you read the scroll labelled KORGHE RELL, it crumbles to dust.
A profound silence engulfs you.
It was a scroll of silence.
The orc closely misses you. The gnoll barely misses you.
The gnoll closely misses you.
Unknown command.
The hobgoblin attacks as you move away! The hobgoblin closely misses you.
The gnoll attacks as you move away! The gnoll hits you with a +0 club.
* * * LOW HITPOINT WARNING * * *
The gnoll attacks as you move away! The gnoll hits you with a +0 club.
* * * LOW HITPOINT WARNING * * *
The gnoll attacks as you move away! The gnoll hits you with a +0 club!
* * * LOW HITPOINT WARNING * * *
The gnoll attacks as you move away! The gnoll barely misses you.
The orc attacks as you move away!
The orc hits you with a +1 short sword of speed.
You die...

...#####.........................
...# #.........................
...# +.........................
...# #.........................
...#####.........................
.........######..................
########## #####g.............
#.og......#'#...##
#@#.......#.#.### #.#.####..#.###
#.#.####..#.# #.#.........###♣♣♣
#.######..####...♣
#...).............
###########......♣ ##.#..♣♣
####♣♣


You could see a gnoll, an orc and a hobgoblin.

Vanquished Creatures
  Terence (D:2)
  4 adders
  A worm (D:3)
  9 bats
  3 endoplasms
  3 giant cockroaches (D:1)
  6 goblins
  5 hobgoblins
  2 jackals (D:3)
  3 quokkas
  5 ball pythons
  4 frilled lizards
  5 kobolds
  8 rats
59 creatures vanquished.

Notes
Turn   | Place    | Note
-------+----------+-------------------------------------------
     0 | D:1      | lunkers the Vampire Necromancer began the quest for the
                  | Orb.
     0 | D:1      | Reached XP level 1. HP: 13/13 MP: 3/3
   374 | D:1      | Reached XP level 2. HP: 19/19 MP: 1/5
   603 | D:1      | Reached skill level 5 in Necromancy
  1215 | D:2      | Gained mutation: You are afflicted with vampirism and can
                  | become a bat while bloodless. [Vampire growth]
  1215 | D:2      | Reached XP level 3. HP: 24/24 MP: 2/6
  1219 | D:2      | Learned a level 3 spell: Vampiric Draining
  1412 | D:2      | Noticed Terence
  1417 | D:2      | Killed Terence
  1617 | D:2      | Reached XP level 4. HP: 30/30 MP: 5/8
  2390 | D:3      | Reached skill level 6 in Necromancy
  2488 | D:3      | Found a runed translucent door.
  2489 | D:3      | Noticed Crazy Yiuf
  2603 | D:3      | Noticed Grinder
  2618 | D:3      | HP: 1/30 [gnoll/+0 club (7)]
  2623 | D:3      | Slain by an orc

Illustrated notes

Levels and vault maps discovered:
D:1:      evilmike_arrival_rings, layout_loops_ring, minmay_misc_feat_alley,
          columned_hall_lemuel, minmay_pentomino_v4
D:2:      layout_loops_cross, uniq_terence
D:3:      layout_basic, ashenzari_altar_1,
          hellmonk_ecumenical_altar_pennies_from_heaven, nrook_mini_vaults,
          minmay_ogre_servants, uniq_crazy_yiuf_cottage, uniq_grinder

Skill      XL: |  1  2  3  4 |
---------------+-------------+-----
Necromancy     | 5 6 |  6.1
Spellcasting   | 3 |  3.1
Dodging        | |  2.1
Stealth        | |  3.0

Action                   |  1- 3 |  4- 6 || total
-------------------------+-------+-------++-------
Melee: Dagger            |     1 |       ||     1
 Cast: Necrotize         |    59 |    41 ||   100
  Use: Scroll            |       |     3 ||     3
Armor: Robe              |     3 |     1 ||     4
Dodge: Dodged            |     9 |    10 ||    19

Table legend: (Time is in decaauts)
 A = Elapsed time spent in this place.
 B = Non-inter-level travel time spent in this place.
 C = Inter-level travel time spent in this place.
 D = Time resting spent in this place.
 E = Time spent auto-exploring this place.
 F = Levels seen in this place.
 G = Mean time per level.
                   A        B        C        D        E       F      G
               +--------+--------+--------+--------+--------+-----+--------+
         Total |   2621 |   2549 |     72 |      0 |   2256 |   3 |  873.7 |
       Dungeon |   2621 |   2549 |     72 |      0 |   2256 |   3 |  873.7 |
               +--------+--------+--------+--------+--------+-----+--------+

Top non-repeatable levels by time:
     D:1: 1101 daAuts
     D:2: 1062 daAuts
     D:3: 457 daAuts
